 Dungeon Sprint DCSS version 0.21-a0-434-g806c6c2 (webtiles) character file.

32 theanonym the Cleaver (level 3, -5/29 HPs)
             Began as a Formicid Fighter on Nov 8, 2017.
             Was an Initiate of Makhleb.
             Killed from afar by a purple draconian (34 damage)
             ... with a bolt of dispelling energy
             ... in the Dungeon (Sprint V: "Ziggurat Sprint").
             The game lasted 00:03:50 (285 turns).

theanonym the Cleaver (Formicid Fighter)             Turns: 285, Time: 00:03:51

Health: -5/29      AC:  0    Str: 33    XL:     3   Next: 45%
Magic:  3/3        EV:  4    Int:  7    God:    Makhleb [......]
Gold:   0          SH: 28    Dex: 10    Spells: 2/2 levels left

rFire    . . .     SeeInvis +   a - +5 executioner's axe
rCold    . . .     Gourm    .   v - +18 shield of the Gong {rElec rN+ MR+ EV-5}
rNeg     + . .     Faith    .   (no armour)
rPois    .         Spirit   .   (helmet unavailable)
rElec    +         Reflect  .   (no cloak)
rCorr    .         Harm     .   (no gloves)
MR       +....                  (no boots)
Stlth    +.........             (no amulet)
HPRegen  0.09/turn              t - +6 ring of strength
MPRegen  0.08/turn              u - +6 ring of strength

@: no status effects
A: permanent stasis, dig shafts and tunnels, four strong arms, antennae 3
a: Dig, Renounce Religion


Innate Abilities, Weirdness & Mutations

You cannot be hasted, slowed, berserked, paralysed or teleported.
You can dig through walls and to a lower floor.
Your four strong arms can wield two-handed weapons with a shield.
You have a pair of large antennae on your head. (SInv)


   Skills:
 - Level 3.2 Fighting
 + Level 8.7 Axes
 - Level 3.2 Armour
 - Level 3.6 Shields


You had 2 spell levels left.
You didn't know any spells.

Skill      XL: |  1  2 |
---------------+-------+-----
Axes           | 7 8 |  8.7
Fighting       | |  3.2
Armour         | |  3.2
Shields        | |  3.6

Action                   || total
-------------------------++-------
Melee: Executioner's axe ||     8
Evoke: Wand              ||     3
  Use: Potion            ||     1
Block: Shield            ||    10

Inventory:

Hand Weapons
 a - a +5 executioner's axe (weapon)
   (You found it in the Dungeon)
Armour
 v - the +18 shield of the Gong (worn) {rElec rN+ MR+ EV-5}
   (You found it in the Dungeon)

   It affects your evasion (-5).
   It insulates you from electricity.
   It protects you from negative energy.
   It affects your resistance to hostile enchantments.
Jewellery
 t - a +6 ring of strength (left hand)
   (You found it in the Dungeon)
 u - a +6 ring of strength (right hand)
   (You found it in the Dungeon)
Wands
 p - a wand of acid (5/15)
   (You found it in the Dungeon)
 s - a wand of iceblast (2/15)
   (You found it in the Dungeon)
Scrolls
 b - 2 scrolls of fear {!r}
 f - 7 scrolls of fog {!r}
 g - a scroll of holy word
 h - 3 scrolls of recharging
 j - 5 scrolls of remove curse
 r - 5 scrolls of identify
Potions
 d - 6 potions of might
 e - 10 potions of curing
 i - 7 potions of magic
 k - 5 potions of agility
 l - 2 potions of brilliance
 n - 2 potions of invisibility
 o - 4 potions of resistance
 q - 10 potions of heal wounds
Comestibles
 c - 5 bread rations

Dungeon Overview and Level Annotations

Branches:
Dungeon (1/1)

Altars:
Ashenzari
Cheibriados
Dithmenos
Elyvilon
Fedhas
Gozag
Hepliaklqana
Kikubaaqudgha
Makhleb
Nemelex Xobeh
Okawaru
Qazlal
Ru
Sif Muna
Trog
Uskayaw
Vehumet
Wu Jian
Xom
Yredelemnul
Zin
The Shining One
Beogh
Jiyva
Lugonu

Annotations:
D 1 transporter You were in the Dungeon. You worshipped Makhleb. Makhleb was noncommittal. You were not hungry. You visited 1 branch


Message History

Found a +4 eveningstar of protection and a +2 shield of cold resistance.
Found a transporter.
You hit the orc wizard. You hit the orc. The orc hits you.
You block the orc wizard's attack.
GONNNNG!
The orc hits you. The orc wizard hits you with a dagger.
You take 11 damage, and have 13/24 hp.
MASSIVE DAMAGE!!
You are too injured to fight recklessly!
You carve the orc wizard like a ham!!!
You kill the orc wizard!
Makhleb accepts your kill.
Your Axes skill increases to level 8!
You have reached level 3!
Your experience leads to an increase in your attributes!
Your base attributes are Str 20, Int 7, Dex 10.
Increase (S)trength, (I)ntelligence, or (D)exterity?
You feel stronger.
You hit the orc. You block the orc's attack.
GONNNNG!
You block the orc's attack.
GONNNNG!
You regained 3 hp, and now have 16/29 hp.
MP restored: 3 You barely miss the orc.
The orc hits you.
* * * LOW HITPOINT WARNING * * *
You take 5 damage, and have 11/29 hp.
You closely miss the orc. You block the orc's attack.
BONNNG!
You block the orc's attack.
BOUMMMMG!
You closely miss the orc. You block the orc's attack.
SHROANNG!
You slash the orc!
You kill the orc!
Makhleb accepts your kill.
You see here an orc corpse.
You butcher the orc corpse.
You see here a chunk of flesh.
There is a transporter here.
Unknown command.
Wear which item? (? for menu, Esc to quit)
Okay, then.
Unknown command.
You see here a chunk of flesh.
There is a transporter landing site, spattered with blood here.
You can't go down here!
You see here a chunk of flesh.
There is a transporter here.
Unknown command.
Unknown command.
You start resting.
Unknown command.
You regained 9 hp, and now have 22/29 hp.
You start resting.
Unknown command.
You regained 4 hp, and now have 26/29 hp.
Unknown command.
Unknown command.
You start resting.
Unknown command.
You regained 2 hp, and now have 28/29 hp.
Unknown command.
Unknown command.
You start resting.
Health restored: 29 Unknown command.
Unknown command.
Welcome to arena 2.
You enter the transporter and appear at another place. 2 draconians and a purple draconian come into view.
The draconian roars!
Found a +4 ring of evasion, a +2 falchion of holy wrath and a book of Frost.
Found a transporter.
Okay, then.
Aim: a draconian, wielding a short sword The mass of ice explodes!
The iceblast engulfs the draconian.
The iceblast engulfs the purple draconian.
This wand has 4 charges left.
Aim: a purple draconian, wielding a battleaxe (lightly wounded)
The mass of ice explodes!
The iceblast engulfs the purple draconian.
The iceblast engulfs the draconian. x2; This wand has 3 charges left.
Aim: a purple draconian, wielding a battleaxe (lightly wounded)
The mass of ice explodes!
The iceblast engulfs the purple draconian.
The iceblast engulfs the draconian. x2; This wand has 2 charges left.
You closely miss the purple draconian. You barely miss the draconian.
You block the purple draconian's attack.
PTOANNNG!
You block the draconian's attack.
GONNNNG!
You block the draconian's attack.
BOUMMMMG!
You hit the draconian but do no damage. You slice the purple draconian!!
You hit the draconian but do no damage. You block the draconian's attack.
GONNNNG!
The purple draconian breathes dispelling energy at you.
The bolt of dispelling energy hits you!
Ouch! That really hurt!
You die...

▓▓▓▓▓▓▓▓▓▓▓▓▓
▓.8©8.▓.8©8.▓
{{
▓.:=).▓.....▓
{
▓.....▓.[.).▓
▓.....▓.....▓
▓.....▓.)%..▓
▓.ddd.▓..©..▓
▓..@..▓▓▓▓▓▓▓
▓▓▓▓▓▓▓ {{
{{{ { { {


You could see a purple draconian and 2 draconians.

Notes
Turn   | Place    | Note
-------+----------+-------------------------------------------
     0 | D        | Found the +6 Majin-Bo {vamp, Archmagi MP+6 Int+6}
     0 | D        | Found the +7 great mace "Firestarter" {inner flame, rF++}
     0 | D        | theanonym the Formicid Fighter began the quest for the Orb.
     0 | D        | Reached XP level 1. HP: 18/18 MP: 1/1
    16 | D        | Found a blossoming altar of Fedhas.
    27 | D        | Found a viscous altar of Jiyva.
    27 | D        | Found a hazy altar of Hepliaklqana.
    27 | D        | Found a transporter.
    27 | D        | Found an opulent altar of Gozag.
    27 | D        | Found an ancient bone altar of Kikubaaqudgha.
    27 | D        | Found a corrupted altar of Lugonu.
    34 | D        | Found a burning altar of Makhleb.
    35 | D        | Found a sacrificial altar of Ru.
    35 | D        | Found a stormy altar of Qazlal.
    35 | D        | Found a deep blue altar of Sif Muna.
    35 | D        | Found an iron altar of Okawaru.
    35 | D        | Found a bloodstained altar of Trog.
    35 | D        | Found a sparkling altar of Nemelex Xobeh.
    56 | D        | Found the +9 heavy crossbow "Sniper" {velocity, Acc+∞ SInv}
    56 | D        | Found the +10 dark maul {crush}
    56 | D        | Found the +15 Maxwell's patent armour {-Cast -Tele rElec MR+ rCorr}
    56 | D        | Found the +18 shield of the Gong {rElec rN+ MR+ EV-5}
    56 | D        | Found the cursed +14 obsidian axe {chop, +Fly SInv *Curse}
    70 | D        | Became a worshipper of Makhleb the Destroyer
    73 | D        | Found the +6 shillelagh "Devastator" {shatter}
    73 | D        | Found the +11 plutonium sword {*Contam Stlth-}
    73 | D        | Found the +8 lance "Wyrmbane" {slay drac, rPois rF+ rC+ AC+3}
    73 | D        | Found the +9 sword of Zonguldrok {reap}
    73 | D        | Found the cursed +13 scythe of Curses {drain, *Curse}
    73 | D        | Found the +0 sword of Power
    73 | D        | Found the +10 mace of Variability {chaos}
    73 | D        | Found the +7 Singing Sword
    73 | D        | Found the +7 longbow "Piercer" {penet, EV-2}
    84 | D        | Reached skill level 7 in Axes
    84 | D        | Reached XP level 2. HP: 24/24 MP: 2/2
    85 | D        | Entered arena 2.
    85 | D        | Found a transporter.
    88 | D        | Reached skill level 8 in Axes
    88 | D        | Reached XP level 3. HP: 16/29 MP: 3/3
    89 | D        | HP: 11/29 [orc (5)]
   280 | D        | Entered arena 3.
   280 | D        | Noticed a draconian
   280 | D        | Noticed a purple draconian
   280 | D        | Noticed a draconian
   280 | D        | Found a transporter.
   285 | D        | Killed from afar by a purple draconian

Vanquished Creatures
  An orc wizard (D)
  An orc (D)
2 creatures vanquished.
